 Dungeon Crawl Stone Soup version 0.26-b1-32-g5d43845318 (webtiles) character file.

Game seed: 111664843571744562

301839 EnegeticOcto the Slayer (level 19, -5/183 (191) HPs)
             Began as a Minotaur Fighter on Jan 8, 2021.
             Was an Initiate of Gozag.
             Slain by an Orb Guardian (16 damage)
             ... on level 5 of the Realm of Zot.
             The game lasted 00:35:14 (31419 turns).

EnegeticOcto the Slayer (Minotaur Fighter)         Turns: 31419, Time: 00:35:15

HP:   -5/183 (191)  AC: 37    Str: 33    XL:     19   Next: 79%
MP:   0/16          EV:  6    Int:  7    God:    Gozag
Gold: 2214          SH:  0    Dex: 13    Spells: 18/18 levels left

rFire    + + .     SeeInvis .   C - +8 mithril axe "Arga" {speed, Will+}
rCold    + + +     Faith    .   O - +2 kite shield
rNeg     . . .     Spirit   +   c - +9 plate armour of Byxoreg {Int+6 Dex+4}
rPois    +         Reflect  .   y - +2 hat {Will+}
rElec    +         Harm     .   I - scarf {rC+ rF+}
rCorr    +         Rampage  .   n - +2 pair of gloves {Str+3}
Will     ++++.                  v - +2 pair of boots
Stlth    ..........             Y - amulet "Ketimaoz" {Spirit Will+}
HPRegen  0.40/turn              u - ring of poison resistance
MPRegen  0.15/turn              i - ring of protection from cold

@: mighty, brilliant, about to teleport, resistant, gold aura, berserk cooldown,
very slightly contaminated, held, hasted and slowed, constricted, lightly
drained, invisible
A: retaliatory headbutt, horns 2, camouflage 1, dopey 2, low mp 1, wild magic 1
0: Orb of Zot
}: 3/15 runes: decaying, abyssal, gossamer
a: Renounce Religion, Potion Petition, Call Merchant, Bribe Branch


You were on level 5 of the Realm of Zot.
You worshipped Gozag.
Gozag was most pleased with you.
You visited 9 branches of the dungeon, and saw 43 of its levels.
You visited the Abyss 1 time.
You also visited: Bailey and Gauntlet.

You collected 12280 gold pieces.
You spent 1502 gold pieces at shops.
You paid 8564 gold pieces to Gozag.

Inventory:

Hand Weapons
 a - a +0 broad axe
 C - the +8 mithril axe "Arga" (weapon) {speed, Will+}
   (You acquired it on level 4 of the Spider Nest)

   Attacks with this weapon are significantly faster.
   It affects your willpower, your defense against some magical effects.
 Q - a +1 war axe
 U - a +7 war axe of distortion
Missiles
 J - 3 throwing nets (quivered)
Armour
 c - the +9 plate armour of Byxoreg (worn) {Int+6 Dex+4}
   (You bought it in a shop on level 2 of the Orcish Mines)

   It affects your intelligence (+6).
   It affects your dexterity (+4).
 n - a +2 pair of gloves of strength (worn)
 v - a +2 pair of boots (worn)
 y - a +2 hat of willpower (worn)
 I - a scarf of resistance (worn)
 O - a +2 kite shield (worn)
 P - a +0 cloak of willpower
Jewellery
 i - a ring of protection from cold (right hand)
 t - an uncursed amulet of regeneration
 u - a ring of poison resistance (left hand)
 L - an uncursed ring of resist corrosion
 T - an uncursed amulet of guardian spirit
 W - the ring "Ticae" {*Drain EV+4 Str+2 Dex+5}
   (You found it in a Gauntlet)

   [ring of evasion]

   It affects your evasion (+4).
   It affects your strength (+2).
   It affects your dexterity (+5).
   It causes draining when unequipped.
 Y - the amulet "Ketimaoz" (around neck) {Spirit Will+}
   (You found it on level 3 of the Depths)

   [amulet of guardian spirit]

   It causes incoming damage to be split between your health and magic.
   It affects your willpower, your defense against some magical effects.
Wands
 h - a wand of paralysis (38)
 j - a wand of iceblast (19) {@v2}
 l - a wand of digging (11) {@v3}
 r - a wand of acid (8) {@v1}
 F - a wand of polymorph (13)
 K - a wand of enslavement (8)
Scrolls
 f - 15 scrolls of remove curse {@r2}
 k - 16 scrolls of teleportation {@r3}
 q - 4 scrolls of fog
 s - a scroll of summoning {unknown}
 B - 2 scrolls of enchant weapon
 G - a scroll of silence
 H - a scroll of magic mapping {@r5}
 N - 2 scrolls of fear
 S - a scroll of vulnerability
 X - 3 scrolls of identify {@r1}
Potions
 d - 4 potions of might {@q3}
 e - 3 potions of flight
 m - 2 potions of haste {@q4}
 o - 4 potions of ambrosia
 p - 5 potions of berserk rage
 w - 5 potions of magic
 x - 6 potions of curing {@q1}
 z - a potion of attraction
 A - 4 potions of mutation
 D - 3 potions of invisibility
 E - 3 potions of cancellation
Miscellaneous
 b - a phantom mirror
 g - a box of beasts
 R - a phial of floods
 V - a condenser vane


   Skills:
 * Level 21.8 Fighting
 - Level 20.0 Axes
 + Level 18.4 Armour
 + Level 16.5 Dodging
 - Level 15.0 Shields
 - Level 8.0 Evocations


You had 18 spell levels left.
You didn't know any spells.
Your spell library was empty.

Dungeon Overview and Level Annotations

Branches:
Dungeon (15/15)            Temple (1/1) D:6            Lair (6/6) D:11
  Swamp (4/4) Lair:2       Spider (4/4) Lair:2          Orc (2/2) D:12
    Elf (0/3) Orc:2        Vaults (1/5) D:13         Depths (5/5) D:15
    Zot (5/5) Depths:5     Bailey (visited)         Gauntlet (visited)
  Slime: Lair:5-6

Altars:
Ashenzari
Cheibriados
Dithmenos
Elyvilon
Fedhas
Gozag
Hepliaklqana
Kikubaaqudgha
Makhleb
Nemelex Xobeh
Okawaru
Qazlal
Ru
Sif Muna
Trog
Uskayaw
Vehumet
Wu Jian
Yredelemnul
Zin
The Shining One
Beogh

Shops:
Orc:2 *[*[

Portals:
Hell: Depths:4
Pandemonium: Depths:3

Annotations:
D:3 2 transporters
D:11 2 transporters, rnawigator's ghost, journeyman GrMo
D:13 1 exclusion
Lair:1 exclusion: oklob plant
Lair:5 exclusion: 3 oklob plants
Lair:6 3 runed translucent doors, Nattefrost's ghost, journeyman MiBe
Orc:1 3 runed translucent doors, Jaiteiro's ghost, journeyman MiFi; prawnwizard's ghost, journeyman MfMo
Depths:1 exclusion: door
Depths:3 1 exclusion
Zot:5 1 exclusion
Abyss:1 Roxanne


Innate Abilities, Weirdness & Mutations

You reflexively headbutt those who attack you in melee.
You have a pair of horns on your head.
Your skin changes colour to match your surroundings (Stealth+).
You are very dopey. (Int -4)
Your magical capacity is low. (-10% MP)
Your spells are a little harder to cast, but a little more powerful.


Message History

The tentacled monstrosity is no longer distracted by gold.
The Orb Guardian hits your Orb Guardian!!
The Killer Klown becomes distracted by the nearby gold, dreaming of imaginary riches.
The Killer Klown squeezes you with a +12 club of flaming!!
* * * LOW HITPOINT WARNING * * *
The Killer Klown burns you.
* * * LOW HITPOINT WARNING * * *
The ancient lich points at itself and mumbles some strange words.
The ancient lich flickers and vanishes!
Deactivating autopickup; reactivate with Ctrl-A.
The Orb Guardian drops a net on you. A large net falls onto you!
The Orb Guardian hits you!!
* * * LOW HITPOINT WARNING * * *
The ancient lich becomes distracted by the nearby gold, dreaming of imaginary riches.
The Orb Guardian becomes distracted by the nearby gold, dreaming of imaginary riches.
The Orb Guardian hits something!
Okay, then.
Okay, then.
Okay, then. [a] - 290 gold - heal wounds and berserk rage [b] - 460 gold - heal wounds, berserk rage and haste [c] - 294 gold - haste and brilliance Purchase which effect?
You feel much better.
A red film seems to cover your vision as you go berserk!
You feel yourself moving faster!
You feel mighty!
The Orb Guardian becomes distracted by the nearby gold, dreaming of imaginary riches.
Your Orb Guardian hits the tentacled monstrosity but does no damage.
The Orb Guardian hits you!
* * * LOW HITPOINT WARNING * * *
The Orb Guardian hits your Orb Guardian.
The Orb Guardian becomes distracted by the nearby gold, dreaming of imaginary riches.
The tentacled monstrosity tentacle-slaps your Orb Guardian!!
The tentacled monstrosity tentacle-slaps your Orb Guardian.
The tentacled monstrosity tentacle-slaps your Orb Guardian but does no damage.
The tentacled monstrosity constricts you.
The Killer Klown karate-kicks you with a +12 club of flaming!
* * * LOW HITPOINT WARNING * * *
The Killer Klown burns you.
* * * LOW HITPOINT WARNING * * *
The Orb Guardian hits you but does no damage.
The Orb Guardian becomes distracted by the nearby gold, dreaming of imaginary riches.
Something touches the tentacled monstrosity!
An ancient lich comes into view.
Okay, then.
You tear a large gash into the net.
You feel a strong urge to attack something.
Your Orb Guardian hits the tentacled monstrosity!
The Orb Guardian becomes distracted by the nearby gold, dreaming of imaginary riches.
The Orb Guardian hits your Orb Guardian!!
Your Orb Guardian dies!
The orb of fire glows yellow.
Strange energies course through your body.
You feel stupid. The Orb Guardian drops a net on you.
A large net falls onto you!
The Orb Guardian becomes distracted by the nearby gold, dreaming of imaginary riches.
The tentacled monstrosity tentacle-slaps you!
* * * LOW HITPOINT WARNING * * *
The tentacled monstrosity tentacle-slaps you but does no damage.
The tentacled monstrosity tentacle-slaps you!
* * * LOW HITPOINT WARNING * * *
The tentacled monstrosity constricts you.
The Killer Klown squeezes you but does no damage.
You shred the net and break free!
The ancient lich is no longer distracted by gold.
The Orb Guardian is no longer distracted by gold.
The ancient lich touches the orb of fire but does no damage.
The tentacled monstrosity's grasp on you weakens, but your attempt to escape fails.
You feel your anger nearly subside.
The ancient lich is no longer distracted by gold.
The ancient lich is no longer more vulnerable to fire.
The Orb Guardian is no longer distracted by gold. x4
The Killer Klown slaps you but does no damage.
The Orb Guardian becomes distracted by the nearby gold, dreaming of imaginary riches.
The Orb Guardian drops a net on you. A large net falls onto you!
You become entangled in the net!
The tentacled monstrosity tentacle-slaps you but does no damage. x3
* * * LOW HITPOINT WARNING * * *
The tentacled monstrosity constricts you.
The ancient lich points at the Orb Guardian and mumbles some strange words.
The Orb Guardian resists with almost no effort.
The Orb Guardian barely misses you. You furiously retaliate!
You headbutt the Orb Guardian!
The Orb Guardian hits something!!
The Orb Guardian becomes distracted by the nearby gold, dreaming of imaginary riches.
The ancient lich closely misses the orb of fire.
Unknown command.
You struggle against the net.
You are no longer berserk.
You are exhausted.
You feel yourself slow down.
The Killer Klown becomes distracted by the nearby gold, dreaming of imaginary riches.
The ancient lich becomes distracted by the nearby gold, dreaming of imaginary riches.
The Orb Guardian becomes distracted by the nearby gold, dreaming of imaginary riches.
The tentacled monstrosity tentacle-slaps you but does no damage. x3
* * * LOW HITPOINT WARNING * * *
The tentacled monstrosity constricts you.
The ancient lich drops a net on you. A large net falls onto you!
The Orb Guardian hits you!!
You die...
Your body crumbles into a pile of gold.

*...............▓▓▓▓
,.......§..........▓##
,....................##
,.........p....?....^.# ▓▓▓▓▓▓▓▓▓
,.X...(.L..$.$........▓▓▓......$▓
,......^..$....$......▓▓^........
,........$L.....LXX...▓.X....X.X.
*.....L......^..{*X?X..XX.X....X.
,.......^.......@XX.XL▓......X...
,,,,,,,,.......XXpXX..▓▓.........
,,,^,,,,..............▓▓▓.......▓
,,,,,,,,.........^....▓ ▓▓▓▓▓▓▓▓▓
,,,,,,,,.............▓▓
,,,,,,,,...^.......▓▓▓
***,,,^,........▓▓▓▓
******▓▓▓▓▓▓▓▓▓


You could see an orb of fire, a Killer Klown (unaware), a tentacled monstrosity,
an ancient lich, 11 Orb Guardians, a neutral Killer Klown (wandering, berserk,
poisoned) and 2 neutral ancient liches.

Vanquished Creatures
  A Killer Klown (Zot:2)
  Arachne (Spider:4)
  2 golden dragons
  2 liches
  2 bone dragons (Abyss:4)
  Rupert (Orc:2)
  4 tentacled monstrosities
  2 titans
  Asterion (Spider:1)
  2 quicksilver dragons
  A death cob (Zot:5)
  A tengu reaver (Depths:3)
  2 draconian knights
  3 draconian monks
  2 vault wardens (Vaults:1)
  An iron dragon (Depths:5)
  A balrug (Depths:3)
  A frost giant (Depths:3)
  3 emperor scorpions
  4 draconian annihilators (Depths:5)
  8 ghost moths
  5 very ugly things (Depths:1)
  4 stone giants
  4 green draconians
  Nessos (Orc:2)
  2 black draconians (Depths:5)
  A vampire knight (Depths:3)
  5 red draconians
  Azrael (D:15)
  3 bunyips
  2 spark wasps (Spider:4)
  A minotaur (Gauntlet)
  A white draconian (Depths:5)
  2 entropy weavers
  A purple draconian (Depths:5)
  2 ettins
  2 eleionomae
  2 fire dragons
  A deep elf high priest (Depths:5)
  A shambling mangrove (Abyss:4)
  9 vault guards
  A great orb of eyes (Depths:1)
  5 ogre magi
  11 hydras
  A rakshasa (D:15)
  2 ice dragons
  A yaktaur captain (Depths:3)
  A boulder beetle (D:13)
  2 ghost crabs
  6 centaur warriors
  18 two-headed ogres
  A spriggan berserker (Depths:3)
  2 deep troll shamans (Depths:3)
  11 alligators
  12 death yaks
  Nergalle (Lair:1)
  3 thrashing horrors (Abyss:4)
  A fire crab (Abyss:4)
  A sixfirhy (Depths:3)
  6 skeletal warriors
  3 deep trolls (Depths:3)
  2 goliath frogs (Swamp:2)
  2 bog bodies (Swamp:1)
  11 swamp dragons (Swamp:4)
  3 spriggan druids
  3 unseen horrors
  3 glowing orange brains
  2 wizards (Gauntlet)
  2 ironbrand convokers (Vaults:1)
  An unseen horror (shapeshifter) (D:15)
  A wolf spider zombie (D:12)
  An orc knight (D:12)
  2 lindwurms
  21 orb spiders
  4 orc sorcerers
  33 wolf spiders
  A mana viper (shapeshifter) (Depths:3)
  22 ugly things
  6 cyclopes
  A deep elf mage (D:14)
  6 moths of wrath
  2 vault sentinels (Vaults:1)
  3 black mambas
  An apocalypse crab (Abyss:4)
  5 centaur zombies
  2 rust devils
  6 elephants (Lair:4)
  2 gargoyles (D:15)
  A smoke demon (Abyss:4)
  Maggie (Lair:1)
  4 torpor snails
  A molten gargoyle (Lair:5)
  9 cane toads
  An efreet (D:15)
  2 yaktaurs
  11 demonic crawlers
  3 freezing wraiths
  6 komodo dragons
  A komodo dragon (shapeshifter) (D:14)
  2 tengu conjurers
  3 hellwings (Depths:3)
  A queen bee (shapeshifter) (Depths:3)
  A wind drake (Depths:5)
  6 trolls
  A large abomination (Abyss:4)
  3 meliai (D:15)
  2 polar bears
  17 jumping spiders
  A raiju (Gauntlet)
  27 slime creatures
  12 hornets
  4 blink frogs (Lair:2)
  A meliai zombie (D:15)
  A vampire (D:11)
  56 redbacks
  5 wyverns
  5 shadows
  22 tarantellas
  2 water elementals (Depths:4)
  2 fire bats (Lair:5)
  6 spriggans
  2 ynoxinuls
  2 basilisks
  24 yaks
  A wraith (D:15)
  Grum (D:9)
  A basilisk (shapeshifter) (Depths:1)
  5 fire elementals (D:15)
  2 steam dragons (Gauntlet)
  14 vampire mosquitoes
  3 neqoxecs
  Menkaure (D:6)
  9 swamp worms
  4 wargs
  3 hell hounds (D:15)
  A swamp worm (shapeshifter) (D:15)
  9 water moccasins
  6 swamp drakes
  3 acid dragons
  3 ice beasts
  20 orc warriors
  A phantom (D:4)
  3 sky beasts
  An eye of draining (shapeshifter) (D:15)
  2 eyes of draining
  33 ogres
  5 necrophages (Lair:2)
  13 wolves
  8 centaurs
  2 big kobolds
  2 gnoll sergeants
  22 bullfrogs
  2 wyvern skeletons
  28 killer bees
  6 scorpions
  14 wights
  7 howler monkeys
  An electric eel (Lair:5)
  A crimson imp (Depths:3)
  5 jellies
  A lava snake (Lair:5)
  2 quasits
  8 hounds
  10 orc priests
  4 iron imps (Gauntlet)
  2 bullfrog skeletons
  9 centaur skeletons
  23 orc wizards
  Ijyb (D:5)
  Natasha (thrice) (D:4)
  5 iguanas
  4 worker ants
  A hound skeleton (D:6)
  Robin (D:3)
  A howler monkey zombie (D:9)
  A howler monkey skeleton (D:4)
  32 gnolls
  17 adders
  10 shadow imps
  7 white imps
  An ufetubus (Depths:3)
  4 oozes
  An adder skeleton (D:8)
  An adder zombie (D:4)
  A worm (D:6)
  5 dart slugs
  3 leopard geckos
  51 orcs
  7 bats
  4 giant cockroaches
  16 goblins
  19 hobgoblins
  12 jackals
  6 quokkas
  3 ball pythons
  7 frilled lizards
  A jackal zombie (D:5)
  23 kobolds
  A quokka zombie (D:5)
  6 rats
  A bush (D:12)
  A tentacle (Abyss:4)
1138 creatures vanquished.

Vanquished Creatures (collateral kills)
  the Lernaean hydra (Swamp:4)
  An electric golem (Zot:5)
  A shadow dragon (Zot:5)
  A storm dragon (Zot:5)
  A white draconian (Zot:2)
  A hydra (Swamp:4)
  2 moths of wrath
8 creatures vanquished.

Vanquished Creatures (others)
  4 ancient liches (Zot:5)
  Nikola (Swamp:2)
  A tentacled monstrosity (Zot:5)
  3 Orb Guardians (Zot:5)
  A death cob (Zot:2)
  A kraken (Abyss:4)
  A draconian monk (Depths:5)
  2 draconian annihilators (Zot:2)
  A draconian shifter (Zot:2)
  A yellow draconian (Zot:5)
  A purple draconian (Zot:2)
  A red draconian (Zot:2)
  A white draconian (Zot:2)
  A moth of wrath (Zot:5)
  2 jumping spiders
  A redback (Spider:1)
  A spriggan (Swamp:4)
  A tarantella (Spider:3)
  9 fungi
  44 plants
  5 tentacles (Abyss:4)
  6 withered plants (Orc:1)
89 creatures vanquished.

Grand Total: 1235 creatures vanquished

Notes
Turn   | Place    | Note
-------+----------+-------------------------------------------
     0 | D:1      | EnegeticOcto the Minotaur Fighter began the quest for the
                  | Orb.
     0 | D:1      | Reached XP level 1. HP: 19/19 MP: 0/0
   150 | D:1      | Reached XP level 2. HP: 21/27 MP: 1/1
   566 | D:1      | Reached skill level 4 in Fighting
   581 | D:1      | Reached XP level 3. HP: 30/33 MP: 2/2
   912 | D:2      | Found an opulent altar of Gozag.
  1363 | D:3      | Noticed Robin
  1371 | D:3      | Reached XP level 4. HP: 40/40 MP: 3/3
  1377 | D:3      | Killed Robin
  1508 | D:3      | Identified the cursed +0 kite shield "Ongaf" {Dex+2}
  1508 | D:3      | Noticed a gnoll sergeant
  1518 | D:3      | Found a transporter.
  1520 | D:3      | Found a transporter.
  2168 | D:3      | Found a shadowy altar of Dithmenos.
  2529 | D:3      | Found an iron altar of Okawaru.
  2685 | D:4      | Reached XP level 5. HP: 42/47 MP: 4/4
  3015 | D:4      | Reached skill level 5 in Axes
  3123 | D:4      | Reached XP level 6. HP: 55/55 MP: 5/5
  3129 | D:4      | Got a dazzling kite shield
  3139 | D:4      | Identified the +0 kite shield of the Swamp {rF- Int+3
                  | Dex+3} (You found it on level 4 of the Dungeon)
  3177 | D:4      | Reached skill level 5 in Fighting
  3187 | D:4      | Reached skill level 5 in Shields
  3213 | D:4      | Noticed Natasha
  3223 | D:4      | Killed Natasha
  3224 | D:4      | Reached skill level 5 in Armour
  3408 | D:4      | Reached XP level 7. HP: 33/61 MP: 6/6
  3602 | D:4      | Noticed Natasha
  3608 | D:4      | Killed Natasha
  3630 | D:4      | Noticed Natasha
  3644 | D:4      | Killed Natasha
  3712 | D:5      | Entered Level 5 of the Dungeon
  4144 | D:5      | Noticed Ijyb
  4150 | D:5      | Killed Ijyb
  4258 | D:5      | Reached skill level 1 in Dodging
  4527 | D:5      | Found a shimmering blue altar of Sif Muna.
  4629 | D:5      | Reached skill level 6 in Fighting
  4758 | D:6      | Reached XP level 8. HP: 70/70 MP: 7/7
  4805 | D:6      | Noticed Menkaure
  4814 | D:6      | Killed Menkaure
  5141 | D:6      | Reached skill level 10 in Axes
  5146 | D:6      | Reached skill level 7 in Fighting
  5242 | D:6      | Reached XP level 9. HP: 40/79 MP: 8/8
  5245 | D:6      | Found a staircase to the Ecumenical Temple.
  5254 | Temple   | Entered the Ecumenical Temple
  5959 | D:2      | Became a worshipper of Gozag Ym Sagoz the Greedy
  7117 | D:7      | Found a radiant altar of Vehumet.
  7197 | D:8      | Found a flagged portal.
  7213 | Bailey   | Entered a bailey
  7578 | D:8      | Identified a scroll of acquirement
  7578 | D:8      | Acquired a +2 hat of willpower
  7616 | D:8      | Reached skill level 8 in Fighting
  7616 | D:8      | Reached skill level 5 in Dodging
  7948 | D:8      | Noticed a skeletal warrior
  7965 | D:8      | Killed a skeletal warrior
  7966 | D:8      | Reached XP level 10. HP: 67/88 MP: 9/9
  8440 | D:9      | Noticed a two-headed ogre
  8441 | D:9      | Noticed Grum
  8449 | D:9      | Killed a two-headed ogre
  8483 | D:9      | Killed Grum
  8581 | D:9      | Found a sparkling altar of Nemelex Xobeh.
  8585 | D:9      | Found a white marble altar of Elyvilon.
  8585 | D:9      | Found a stormy altar of Qazlal.
  8598 | D:9      | Found a broken altar of Ashenzari.
  8602 | D:9      | Found a snail-covered altar of Cheibriados.
  8872 | D:9      | Found an ornate altar of the Wu Jian Council.
  9037 | D:10     | Entered Level 10 of the Dungeon
  9095 | D:10     | Reached skill level 9 in Fighting
  9219 | D:10     | Noticed a brown ugly thing
  9231 | D:10     | Killed a brown ugly thing
  9232 | D:10     | Reached skill level 15 in Axes
  9751 | D:11     | Reached XP level 11. HP: 97/97 MP: 10/10
  9771 | D:11     | Found a transporter.
  9771 | D:11     | Noticed rnawigator's ghost (journeyman GrMo)
  9772 | D:11     | Found a transporter.
  9774 | D:11     | Noticed a death knight
 10270 | D:11     | Reached skill level 1 in Evocations
 10350 | D:11     | Found a staircase to the Lair.
 10566 | D:12     | Noticed a two-headed ogre
 10568 | D:12     | Found a staircase to the Orcish Mines.
 10578 | D:12     | Killed a two-headed ogre
 10770 | D:12     | Reached skill level 10 in Shields
 10854 | D:12     | Noticed a red ugly thing
 10869 | D:12     | Killed a red ugly thing
 10879 | D:12     | Reached skill level 10 in Fighting
 10997 | D:12     | Found a hide-covered altar of Uskayaw.
 11067 | D:12     | Killed an unseen horror
 11068 | D:12     | Reached skill level 10 in Armour
 11403 | D:13     | Killed an unseen horror
 11430 | D:13     | Found a gate to the Vaults.
 11430 | D:13     | Noticed a vault guard
 11430 | D:13     | Noticed a vault guard
 11430 | D:13     | Noticed a vault guard
 11430 | D:13     | Noticed a vault guard
 11430 | D:13     | Noticed a vault guard
 11431 | D:13     | Noticed a vault guard
 11431 | D:13     | Noticed a vault guard
 11441 | D:13     | Killed a vault guard
 11443 | D:13     | Killed a vault guard
 11444 | D:13     | Reached XP level 12. HP: 105/106 MP: 11/11
 11447 | D:13     | Killed a vault guard
 11449 | D:13     | Killed a vault guard
 11463 | D:13     | Killed a vault guard
 11472 | D:13     | Killed a vault guard
 11481 | D:13     | Killed a vault guard
 11525 | D:13     | Noticed a vault guard
 11536 | D:13     | Killed a vault guard
 11594 | D:13     | Found a hazy altar of Hepliaklqana.
 11715 | D:13     | Noticed a boulder beetle
 11740 | D:13     | Killed a boulder beetle
 12206 | D:13     | Reached skill level 11 in Fighting
 12495 | Orc:1    | Entered Level 1 of the Orcish Mines
 12747 | Orc:1    | Noticed a two-headed ogre
 12911 | D:12     | Killed a two-headed ogre
 13057 | Orc:1    | Found a runed translucent gate.
 13065 | Orc:1    | Noticed an ettin
 13070 | Orc:1    | Found a runed translucent gate.
 13076 | Orc:1    | Killed an ettin
 13077 | Orc:1    | Reached XP level 13. HP: 88/116 MP: 12/12
 13084 | Orc:1    | Noticed prawnwizard's ghost (journeyman MfMo)
 13084 | Orc:1    | Noticed Jaiteiro's ghost (journeyman MiFi)
 13119 | Orc:1    | Found a runed translucent gate.
 13487 | Orc:2    | Entered Level 2 of the Orcish Mines
 13487 | Orc:2    | Noticed Nessos
 13499 | Orc:2    | Killed Nessos
 13599 | Orc:2    | Reached skill level 5 in Evocations
 14448 | Orc:2    | Found a staircase to the Elven Halls.
 14503 | Orc:2    | Noticed Rupert
 14508 | Orc:2    | Reached skill level 12 in Fighting
 14513 | Orc:2    | Reached skill level 10 in Dodging
 14525 | Orc:2    | Killed Rupert
 14739 | Orc:2    | Found Erofefoj's General Store.
 14739 | Orc:2    | Found Foxoq's General Store.
 14740 | Orc:2    | Found Iluurume's Antique Armour Shop.
 14740 | Orc:2    | Found Xaorirr's Antique Armour Emporium.
 14751 | Orc:2    | Bought a jet-encrusted plate armour for 840 gold pieces
 14772 | Orc:2    | Identified the +9 plate armour of Byxoreg {Int+6 Dex+4}
                  | (You bought it in a shop on level 2 of the Orcish Mines)
 14778 | Orc:2    | Bought a pair of glowing gloves for 255 gold pieces
 14778 | Orc:2    | Bought a runed cloak for 255 gold pieces
 14829 | Orc:2    | Bought a scroll of teleportation for 36 gold pieces
 14829 | Orc:2    | Bought a scroll of teleportation for 36 gold pieces
 14830 | Orc:2    | Bought a potion of mutation for 80 gold pieces
 14880 | Orc:2    | Reached XP level 14. HP: 126/126 MP: 13/13
 15269 | Orc:1    | Found a roughly hewn altar of Beogh.
 15532 | Lair:1   | Entered Level 1 of the Lair of Beasts
 15650 | Lair:1   | Noticed Maggie
 15658 | Lair:1   | Killed Maggie
 15911 | Lair:1   | Noticed Nergalle
 15920 | Lair:1   | Killed Nergalle
 16459 | Lair:2   | You fall into a shaft and drop 1 floor!
 16921 | Lair:2   | Found a hole to the Spider Nest.
 17187 | Lair:2   | Found a staircase to the Swamp.
 19709 | D:14     | Reached skill level 13 in Fighting
 19746 | D:14     | Found a broken altar of Ashenzari.
 19857 | D:14     | Reached XP level 15. HP: 135/135 MP: 14/14
 20021 | D:14     | Found a burning altar of Makhleb.
 20391 | D:15     | Entered Level 15 of the Dungeon
 20597 | D:15     | Noticed Azrael
 20623 | D:15     | Killed Azrael
 21115 | D:15     | Found a staircase to the Depths.
 21709 | Spider:1 | Entered Level 1 of the Spider Nest
 21709 | Spider:1 | Noticed Roxanne
 21719 | Spider:1 | Banished Roxanne
 21963 | Spider:1 | Noticed Asterion
 21970 | Spider:1 | Reached skill level 14 in Fighting
 21989 | Spider:1 | HP: 5/138 [balrug/bolt of fire[Asterion] (52)]
 21998 | Spider:1 | Killed Asterion
 22249 | Spider:2 | Paralysed by a hornet for 2 turns
 22365 | Spider:2 | Reached XP level 16. HP: 146/146 MP: 15/15
 22900 | Spider:3 | Reached skill level 15 in Fighting
 23052 | Spider:4 | Entered Level 4 of the Spider Nest
 23082 | Spider:4 | Noticed Arachne
 23100 | Spider:4 | Reached skill level 16 in Fighting
 23103 | Spider:4 | Reached skill level 15 in Shields
 23117 | Spider:4 | Reached skill level 15 in Armour
 23139 | Spider:4 | Reached XP level 17. HP: 115/159 MP: 1/16
 23154 | Spider:4 | Killed Arachne
 23747 | Spider:4 | Got a gossamer rune of Zot
 23754 | Spider:4 | Acquired the +8 mithril axe "Arga" {speed, Will+}
 23755 | Spider:4 | Found the +8 mithril axe "Arga" {speed, Will+}
 24141 | Swamp:1  | Entered Level 1 of the Swamp
 24518 | Swamp:2  | Noticed Nikola
 24541 | Swamp:2  | Killed Nikola
 24542 | Swamp:2  | Reached skill level 17 in Fighting
 24739 | Swamp:4  | Entered Level 4 of the Swamp
 25174 | Swamp:4  | Noticed the 27-headed Lernaean hydra
 25189 | Swamp:4  | Killed the 27-headed Lernaean hydra
 25204 | Swamp:4  | Reached skill level 18 in Fighting
 25447 | Swamp:4  | Got a decaying rune of Zot
 25854 | Lair:5   | Found a gate leading to a gauntlet.
 25865 | Gauntlet | Entered a Gauntlet
 25865 | Gauntlet | Found a transporter.
 25865 | Gauntlet | Found a runed translucent door.
 25865 | Gauntlet | Found a runed translucent door.
 25868 | Gauntlet | Found a transporter.
 25907 | Gauntlet | Found a transporter.
 25915 | Gauntlet | Found a transporter.
 25976 | Gauntlet | Found a transporter.
 25976 | Gauntlet | Found a transporter.
 26005 | Gauntlet | Found a transporter.
 26020 | Gauntlet | Found a transporter.
 26037 | Gauntlet | Got a wavering tin ring
 26050 | Gauntlet | Identified the ring "Ticae" {*Drain EV+4 Str+2 Dex+5} (You
                  | found it in a Gauntlet)
 26244 | Lair:5   | Paralysed by a floating eye for 4 turns
 26890 | Lair:6   | Entered Level 6 of the Lair of Beasts
 26931 | Lair:6   | Found a runed translucent gate.
 26931 | Lair:6   | Found a runed translucent gate.
 26932 | Lair:6   | Found a runed translucent gate.
 26933 | Lair:6   | Noticed Nattefrost's ghost (journeyman MiBe)
 27072 | Lair:6   | Reached XP level 18. HP: 150/159 MP: 17/17
 27391 | Vaults:1 | Entered Level 1 of the Vaults
 27509 | D:13     | Gained mutation: You occasionally shout uncontrollably at
                  | your foes. [mutagenic glow]
 27533 | D:13     | Gained mutation: Your spells are a little easier to cast,
                  | but a little less powerful. [mutagenic glow]
 27560 | D:13     | Gained mutation: Potions are less effective at restoring
                  | your health. [mutagenic glow]
 27729 | D:13     | Cast into level 4 of the Abyss (unwielding a weapon of
                  | distortion)
 27773 | Abyss:4  | Found a corrupted altar of Lugonu.
 27819 | Abyss:4  | Noticed a tentacled monstrosity
 27819 | Abyss:4  | Noticed a tentacled monstrosity
 27823 | Abyss:4  | Noticed a bone dragon
 27832 | Abyss:4  | Killed a tentacled monstrosity
 27833 | Abyss:4  | Reached skill level 19 in Fighting
 27836 | Abyss:4  | Killed a tentacled monstrosity
 27852 | Abyss:4  | Killed a bone dragon
 27861 | Abyss:4  | Got an abyssal rune of Zot
 28000 | Abyss:4  | Noticed a bone dragon
 28023 | Abyss:4  | Killed a bone dragon
 28038 | Abyss:4  | Gained mutation: You are clumsy. (Dex -2) [a neqoxec]
 28043 | D:13     | Escaped the Abyss
 28045 | D:13     | Gained mutation: You have sharp fingernails. [a neqoxec]
 28049 | D:13     | Lost mutation: Your spells are a little easier to cast, but
                  | a little less powerful. [potion of mutation]
 28049 | D:13     | Lost mutation: You are clumsy. (Dex -2) [potion of
                  | mutation]
 28049 | D:13     | Gained mutation: Your movements are slightly less
                  | encumbered by armour. (ER -2) [potion of mutation]
 28049 | D:13     | Gained mutation: Your spells are a little harder to cast,
                  | but a little more powerful. [potion of mutation]
 28050 | D:13     | Lost mutation: Your movements are slightly less encumbered
                  | by armour. (ER -2) [potion of mutation]
 28050 | D:13     | Lost mutation: Potions are less effective at restoring your
                  | health. [potion of mutation]
 28050 | D:13     | Lost mutation: You have sharp fingernails. [potion of
                  | mutation]
 28050 | D:13     | Gained mutation: Armour fits poorly on your strangely
                  | shaped body. [potion of mutation]
 28050 | D:13     | Gained mutation: Your skin changes colour to match your
                  | surroundings (Stealth+). [potion of mutation]
 28050 | D:13     | Gained mutation: Your magical capacity is low. (-10% MP)
                  | [potion of mutation]
 28050 | D:13     | Gained mutation: Your mind is acute. (Int +2) [potion of
                  | mutation]
 28051 | D:13     | Lost mutation: Armour fits poorly on your strangely shaped
                  | body. [potion of mutation]
 28051 | D:13     | Lost mutation: Your magical capacity is low. (-10% MP)
                  | [potion of mutation]
 28051 | D:13     | Lost mutation: You occasionally shout uncontrollably at
                  | your foes. [potion of mutation]
 28051 | D:13     | Lost mutation: Your mind is acute. (Int +2) [potion of
                  | mutation]
 28051 | D:13     | Gained mutation: You are robust. (+10% HP) [potion of
                  | mutation]
 28141 | Depths:1 | Entered Level 1 of the Depths
 28161 | Depths:1 | Reached skill level 15 in Dodging
 28201 | Depths:1 | Noticed a lich
 28226 | Depths:1 | Killed a lich
 28414 | Depths:3 | Reached skill level 20 in Fighting
 28630 | Depths:3 | Got a vibrating lead amulet
 28637 | Depths:3 | Identified the amulet "Ketimaoz" {Spirit Will+} (You found
                  | it on level 3 of the Depths)
 28954 | Depths:3 | Reached XP level 19. HP: 205/205 MP: 18/18
 28958 | Depths:3 | Found a one-way gate leading to the halls of Pandemonium.
 29078 | Depths:4 | Found a gateway to Hell.
 29123 | Depths:5 | Entered Level 5 of the Depths
 29376 | Depths:5 | Noticed a golden dragon
 29397 | Depths:5 | Killed a golden dragon
 29489 | Depths:5 | Found a gate to the Realm of Zot.
 29504 | Depths:5 | Identified the +7 morningstar of Ridugame {freeze, +Inv
                  | rElec Str-4 Dex-2}
 29511 | Depths:5 | Reached skill level 21 in Fighting
 29780 | Zot:1    | Entered Level 1 of the Realm of Zot
 30035 | Zot:2    | Noticed a Killer Klown
 30075 | Zot:2    | Killed a Killer Klown
 30659 | Zot:2    | Noticed a Killer Klown
 30732 | Zot:5    | Entered Level 5 of the Realm of Zot
 30772 | Zot:5    | Noticed a golden dragon
 30781 | Zot:5    | Killed a golden dragon
 31382 | Zot:5    | Noticed an ancient lich
 31382 | Zot:5    | Noticed an ancient lich
 31382 | Zot:5    | Noticed an ancient lich
 31382 | Zot:5    | Noticed an ancient lich
 31382 | Zot:5    | Noticed an ancient lich
 31382 | Zot:5    | Noticed an ancient lich
 31382 | Zot:5    | Noticed a Killer Klown
 31382 | Zot:5    | Noticed an ancient lich
 31383 | Zot:5    | Noticed an orb of fire
 31383 | Zot:5    | Noticed an electric golem
 31383 | Zot:5    | Noticed a Killer Klown
 31386 | Zot:5    | Lost mutation: You are robust. (+10% HP) [an orb of fire]
 31391 | Zot:5    | Got the Orb of Zot
 31393 | Zot:5    | Gained mutation: Your magical capacity is low. (-10% MP)
                  | [an orb of fire]
 31397 | Zot:5    | Killed an electric golem
 31401 | Zot:5    | Killed an ancient lich
 31408 | Zot:5    | Killed an ancient lich
 31413 | Zot:5    | Gained mutation: You are dopey. (Int -2) [an orb of fire]
 31415 | Zot:5    | Noticed an ancient lich
 31416 | Zot:5    | Gained mutation: You are very dopey. (Int -4) [an orb of
                  | fire]
 31419 | Zot:5    | Slain by an Orb Guardian

Illustrated notes

Levels and vault maps discovered:
D:1:      minmay_arrival_widening_spiral_wide, layout_basic
D:2:      layout_basic, lemuel_doored_altar, xom_teletrap_fun
D:3:      layout_basic, nicolae_dithmenos_through_a_glass_darkly,
          overflow_temple_1_default, gammafunk_ghost_gnarly_gnolls, uniq_robin
D:4:      layout_rooms, minmay_manual_mail, uniq_natasha
D:5:      minmay_chambers_of_fours, layout_loops_ring,
          lemuel_coloured_pillars_altar, uniq_ijyb
D:6:      layout_cave_pools, minmay_temple_entry_gardened_gates, uniq_menkaure
D:7:      layout_rooms, lemuel_round_altar
D:8:      layout_rooms, enter_bailey_3, minmay_microvault
D:9:      layout_basic, nzn_wu_jian_council_hall,
          minmay_overflow_temple_star_hex, uniq_grum
D:10:     layout_cave_pools
D:11:     layout_small_grid, erik_lair_dragon, gammafunk_ghost_mausoleum
D:12:     layout_roguey, david_orc_2, basic_altar, kb_lookout_dungeons_type
D:13:     layout_irregular_city, erik_vaults_2, basic_altar, minmay_puff
D:14:     layout_stronghold, evilmike_ruin_ashenzari, minmay_parallelograms,
          david_defended_altar_elf
D:15:     gammafunk_enter_depths_forms, layout_cave_pools,
          hangedman_decor_points, uniq_azrael
Temple:   dpeg_chambers_temple
Lair:1:   layout_hall_layers, grunt_megastairs_3, minmay_lair_oklob_chamber,
          infiniplex_staircase_pool, uniq_nergalle, uniq_maggie
Lair:2:   layout_chaotic_city, minmay_swamp_entry_swarm, spider_nest_entry_webs,
          roderic_carrion_pond
Lair:3:   layout_roguey, chequers_serial_rivers_micro_a
Lair:4:   layout_regular_city
Lair:5:   layout_gridlike, gauntlet_entry_generic, disabler_island
Lair:6:   evilmike_catoblepas_cave, layout_long_grid, slime_altar_1,
          gammafunk_ghost_hydra_chop
Swamp:1:  layout_basic_swamp, hangedman_swamp_pad
Swamp:2:  layout_basic_swamp, evilmike_swamp_ruin_rubble_1, swamp_pool2,
          uniq_nikola
Swamp:3:  layout_basic_swamp, nicolae_swamp_feature_on_the_river_bank,
          uniq_bai_suzhen
Swamp:4:  swamp_old_school, layout_basic_swamp, swamp_pool3,
          nicolae_swamp_fairy_circle
Spider:1: layout_spider_delve, guppyfry_spider_mini_2, uniq_roxanne,
          uniq_asterion
Spider:2: layout_spider_delve
Spider:3: layout_spider_delve
Spider:4: grunt_spider_rune_island, uniq_arachne
Orc:1:    layout_diamond_mine, gammafunk_ghost_cemetery, basic_altar
Orc:2:    st_orc_ogre_mass, layout_caves, nicolae_orc_sculptors_studio,
          nicolae_orc_rockfall, uniq_rupert, uniq_nessos
Vaults:1: grunt_vaults_swirl, v_misc_23, ontoclasm_vaults_twist,
          vaults_room_fours, nicolae_vaults_rhombus_5, v_misc_13,
          vaults_room_door_hall, vaults_room_semicircle,
          nicolae_vaults_border_crossing, layout_vaults_chaotic_city
Depths:1: lemuel_troll_bridge, layout_basic, grunt_hell_horde,
          kennysheep_cross_bottleneck, nicolae_abyss_entry_one_way_or_another,
          st_stairs_7, kennysheep_generic_room_13
Depths:2: minmay_the_grid_4x2 [minmay_the_grid_minigrid_medium,
          minmay_the_grid_medium_cups, minmay_the_grid_doors,
          minmay_the_grid_outer_circle, minmay_the_grid_square_x,
          minmay_the_grid_x, minmay_the_grid_large_cup,
          minmay_the_grid_prize_big_room], layout_gridville, enter_ziggurat_d,
          minmay_holes, hell_entry, abyss_entry, kennysheep_crisscross,
          minmay_tree_intersection, onia_ninara_dug_in_and_dangerous
Depths:3: hangedman_arch_fort, layout_twisted_cross, nrook_mini_vaults,
          hell_entry, grunt_pan_entry_sceptre, infiniplex_staircase_spiral
Depths:4: evilmike_hourglass, layout_cave_pools, hell_entry,
          abyss_entry_flame_altar, nicolae_trove_entry_diagonal,
          minmay_misc_feat_x
Depths:5: lemuel_castle_with_subvaults [lemuel_castle_interior_original],
          layout_honeycomb, rand_demon_pan_entry_7, pf_coc_iceberg, abyss_entry,
          minmay_misc_feat_four_crosses, minmay_shoptagon, serial_bayou_shore_a
Zot:1:    gammafunk_sealed_arena, layout_concentric_octagons, grunt_megastairs_2
Zot:2:    layout_gridlike
Zot:3:    layout_misc_corridors, gammafunk_ghost_berserking_beasts
Zot:4:    kennysheep_blocky_room, layout_onion, st_stairs_11,
          st_single_dragon_hoard_4, grunt_ministairs_9, lemuel_baited_zot_trap,
          amcnicky_altar_lugonu_corruption
Zot:5:    layout_gridlike, st_stairs_11, bh_zot_lava_cross, bh_zot_ikea_curve,
          skrybe_zot_glass_2

Skill      XL: |  1  2  3  4  5  6  7  8  9 10 11 12 13 14 15 16 17 18 19 |
---------------+----------------------------------------------------------+-----
Axes           | 3 4 5 6 8 10 13 15 16 17 18 19 20 | 20.0
Fighting       | 4 5 6 7 8 9 10 11 12 13 14 16 18 20 21 | 21.8
Shields        | 4 5 6 7 8 9 10 11 12 13 14 15 | 15.0
Armour         | 4 5 6 8 9 10 11 12 13 15 16 17 18 | 18.4
Dodging        | 2 3 5 6 7 9 10 11 12 13 14 15 16 | 16.5
Evocations     | 3 4 6 7 8 |  8.0

Action                   |  1- 3 |  4- 6 |  7- 9 | 10-12 | 13-15 | 16-18 | 19-21 || total
-------------------------+-------+-------+-------+-------+-------+-------+-------++-------
Melee: War axe           |    99 |   158 |   367 |   650 |   523 |   189 |       ||  1986
       Headbutt          |    13 |    17 |    60 |   166 |   302 |   271 |    75 ||   904
       Broad axe         |       |       |       |       |   481 |   702 |   292 ||  1475
Invok: Potion Petition   |       |       |       |       |       |       |     5 ||     5
       Bribe Branch      |       |       |       |       |       |       |     2 ||     2
Evoke: Condenser vane    |       |       |       |     1 |     4 |     2 |     1 ||     8
       Wand              |       |       |       |       |    17 |     5 |     5 ||    27
       Phantom mirror    |       |       |       |       |       |     1 |       ||     1
  Use: Scroll            |       |     8 |     8 |     7 |    10 |     8 |    13 ||    54
       Potion            |       |       |     3 |       |    14 |    14 |     5 ||    36
 Stab: Invisible         |       |       |     1 |       |       |       |       ||     1
       Distracted        |       |       |     3 |       |    10 |     8 |       ||    21
       Confused          |       |       |       |     5 |     1 |       |       ||     6
       Paralysed         |       |       |       |       |     5 |     3 |       ||     8
Armor: Scale mail        |    39 |    12 |       |       |       |       |       ||    51
       Pearl dragon scal |       |    65 |   174 |   168 |    31 |       |       ||   438
       Plate armour      |       |       |       |       |   323 |   351 |   129 ||   803
Dodge: Dodged            |    34 |    44 |   155 |   163 |   312 |   309 |    80 ||  1097
Block: Kite shield       |    69 |    87 |   258 |   316 |   639 |   506 |   121 ||  1996
